 Dungeon Crawl Stone Soup version 0.25-a0-294-gea9b1ad (webtiles) character file.

Game seed: 4034244722142578151, levelgen mode: deterministic

416 15 the Gusty (level 6, -4/34 HPs)
             Began as a Tengu Air Elementalist on Dec 17, 2019.
             Slain by an ogre
             ... wielding a +0 giant spiked club
              (9 damage)
             ... on level 4 of the Dungeon.
             The game lasted 00:19:23 (3904 turns).

15 the Gusty (Tengu Air Elementalist)               Turns: 3904, Time: 00:19:24

Health: -4/34      AC:  2    Str: 10    XL:     6   Next: 92%
Magic:  9/11       EV: 16    Int: 16    God:
Gold:   207        SH:  4    Dex: 14    Spells: 4/10 levels left

rFire    . . .     SeeInvis .   t - +1 war axe (vamp)
rCold    . . .     Gourm    .   (no shield)
rNeg     . . .     Faith    .   a - +0 robe
rPois    .         Spirit   .   (helmet restricted)
rElec    .         Reflect  .   (no cloak)
rCorr    .         Harm     .   (no gloves)
MR       .....     Clarity  +   (boots unavailable)
Stlth    ++........             (no amulet)
HPRegen  0.11/turn              (no ring)
MPRegen  0.12/turn              (no ring)

@: flying quickly and evasively, quick
A: antennae 1, beak, talons 3, large bone plates 1, clarity, able to fly
a: Stop Flying


You were on level 4 of the Dungeon.
You were not hungry.

You visited 1 branch of the dungeon, and saw 4 of its levels.

You collected 207 gold pieces.

Inventory:

Hand Weapons
 b - a +0 trident
 e - a +1 mace
 k - a +0 short sword
 n - a +0 spear
 t - a +1 vampiric war axe (weapon)
Armour
 a - a +0 robe (worn)
Scrolls
 h - a scroll of enchant weapon
 i - 6 scrolls of identify {unknown}
 o - a scroll of remove curse
 q - 2 scrolls of teleportation {unknown}
 r - a scroll of random uselessness {unknown}
 s - a scroll of enchant armour {unknown}
Potions
 f - a potion of heal wounds {unknown}
 g - a potion of degeneration {unknown}
 j - a potion of mutation
 l - a potion of lignification {unknown}
 m - 2 potions of haste {unknown}
 p - a potion of agility {unknown}
 u - a potion of resistance {unknown}
 v - 2 potions of magic {unknown}
 w - a potion of curing
Comestibles
 c - 5 rations
 d - 4 chunks of flesh


   Skills:
 + Level 1.0 Fighting
 + Level 1.0(1.4) Axes
 + Level 1.6(1.8) Maces & Flails
 * Level 2.5 Armour
 * Level 3.3 Dodging
 + Level 2.4 Stealth
 + Level 2.6 Spellcasting
 * Level 3.3 Conjurations
 * Level 6.5 Air Magic


You had 4 spell levels left.
You knew the following spells:

 Your Spells              Type           Power        Failure   Level  Hunger
a - Shock                 Conj/Air       ###.         2%          1    #......
b - Swiftness             Chrm/Air       ##......     8%          2    ##.....
c - Static Discharge      Conj/Air       ###.....     8%          3    ###....

Your spell library contained the following spells:

 Spells                   Type           Power        Failure   Level  Hunger
 Airstrike                Air            ###.......   13%         4    #####..
 Lightning Bolt           Conj/Air       ###.......   56%         5    ######.


Dungeon Overview and Level Annotations

Branches:
Dungeon (4/15)
 Temple: D:4-7

Altars:
Qazlal


Innate Abilities, Weirdness & Mutations

You have a beak for a mouth.
You have claws for feet.
You can fly continuously.
You have a pair of small antennae on your head.
You are partially covered in large bone plates. (SH +4)
You possess an exceptional clarity of mind.


Message History

The ogre hits you with a +0 giant spiked club!
* * * LOW HITPOINT WARNING * * *
Casting: Shock (safe; 2% risk of failure)
Confirm with . or Enter, or press ? or * to list all spells.
Aiming: Shock (safe; 2% risk of failure)
Press: ? - help, Shift-Dir - straight line The zap hits the ogre.
The ogre is heavily wounded.
The zap hits the ogre.
The ogre is heavily wounded.
You block the ogre's attack.
Casting: Shock (safe; 2% risk of failure)
Confirm with . or Enter, or press ? or * to list all spells.
Aiming: Shock (safe; 2% risk of failure)
Press: ? - help, Shift-Dir - straight line The zap hits the ogre.
The ogre is severely wounded.
The zap misses the ogre.
The ogre hits you with a +0 giant spiked club!
You die...

##########
......)..#
#######..# # #..#
#..# #..# #..#
#..# ##########
#..###....@O..#
#...##.##.....#
#.............#
#.........##.....#
####.#######.....#
#. ###...# #.
#.#.######### #.
#.#.........##
#.#..........#


You could see an ogre.

Vanquished Creatures
  A phantom (D:4)
  2 scorpions (D:4)
  A hound (D:4)
  4 gnolls (D:2)
  6 adders
  An ooze (D:1)
  4 worms
  5 dart slugs
  3 leopard geckos
  3 orcs
  3 giant cockroaches
  7 goblins
  6 hobgoblins
  7 jackals
  9 kobolds
  2 quokkas
  5 bats
  6 frilled lizards
  A leopard gecko skeleton (D:4)
  A quokka skeleton (D:4)
  7 rats
84 creatures vanquished.

Notes
Turn   | Place    | Note
-------+----------+-------------------------------------------
     0 | D:1      | 15 the Tengu Air Elementalist began the quest for the Orb.
     0 | D:1      | Reached XP level 1. HP: 10/10 MP: 4/4
    40 | D:1      | Reached XP level 2. HP: 10/15 MP: 1/6
   649 | D:1      | Reached skill level 1 in Armour
   710 | D:1      | Reached XP level 3. HP: 19/19 MP: 5/7
   735 | D:1      | Learned a level 2 spell: Swiftness
   739 | D:1      | Learned a level 3 spell: Static Discharge
   855 | D:2      | Reached skill level 5 in Air Magic
  1248 | D:2      | Reached XP level 4. HP: 21/24 MP: 1/8
  1543 | D:2      | Reached skill level 1 in Maces & Flails
  1738 | D:2      | Gained mutation: You can fly continuously. [Tengu growth]
  1738 | D:2      | Reached XP level 5. HP: 21/28 MP: 1/9
  3245 | D:4      | Reached skill level 6 in Air Magic
  3286 | D:4      | Gained mutation: You are partially covered in large bone
                  | plates. (SH +4) [potion of mutation]
  3286 | D:4      | Gained mutation: You have a pair of small antennae on your
                  | head. [potion of mutation]
  3286 | D:4      | Gained mutation: You possess an exceptional clarity of
                  | mind. [potion of mutation]
  3289 | D:4      | Reached XP level 6. HP: 16/33 MP: 10/10
  3659 | D:4      | Noticed a phantom
  3686 | D:4      | Killed a phantom
  3686 | D:4      | Reached skill level 1 in Fighting
  3686 | D:4      | Reached skill level 1 in Axes
  3817 | D:4      | Found a stormy altar of Qazlal.
  3904 | D:4      | Slain by an ogre

Levels and vault maps discovered:
D:1:      scummos_arrival_forest, layout_basic
D:2:      layout_rooms
D:3:      layout_rooms
D:4:      layout_loops_ring, overflow_temple_1_default, hangedman_decor_growths,
          nicolae_zen_rock_garden, minmay_misc_feat_encased

Skill      XL: |  1  2  3  4  5  6 |
---------------+-------------------+-----
Armour         | 1 2 |  2.5
Air Magic      | 5 6 |  6.5
Conjurations   | 2 3 |  3.3
Maces & Flails | 1 |  1.6
Dodging        | 3 |  3.3
Fighting       | 1 |  1.0
Axes           | 1 |  1.0
Stealth        | |  2.4
Spellcasting   | |  2.6

Action                   |  1- 3 |  4- 6 || total
-------------------------+-------+-------++-------
Melee: Unarmed           |     3 |       ||     3
       Mace              |    43 |    52 ||    95
       Peck              |     6 |    11 ||    17
       Kick              |     8 |    14 ||    22
       Short sword       |       |     6 ||     6
       War axe           |       |    38 ||    38
 Cast: Shock             |    42 |    83 ||   125
       Static Discharge  |       |     9 ||     9
 Abil: Fly               |       |     1 ||     1
  Use: Scroll            |     4 |       ||     4
       Potion            |       |     7 ||     7
 Stab: Sleeping          |     1 |     1 ||     2
  Eat: Chunk             |     1 |    11 ||    12
Armor: Robe              |     6 |     7 ||    13
Dodge: Dodged            |    39 |   103 ||   142
Block: Other             |       |     8 ||     8

Table legend:
 A = Non-vault XP
 B = Vault XP
 C = Vault XP percentage of total XP
 D = Non-vault monster count
 E = Vault monster count
 F = Vault count percentage of total count
                 A         B        C        D         E       F
            +---------+---------+-------+---------+---------+-------
      Total |     595 |       0 |   0.0 |      84 |       0 |   0.0
            +---------+---------+-------+---------+---------+-------
        D:1 |      46 |       0 |   0.0 |      21 |       0 |   0.0
        D:2 |     149 |       0 |   0.0 |      31 |       0 |   0.0
        D:3 |      54 |       0 |   0.0 |      17 |       0 |   0.0
        D:4 |     346 |       0 |   0.0 |      15 |       0 |   0.0
            +---------+---------+-------+---------+---------+-------
